 Dungeon Crawl Stone Soup version 0.26.1-11-gd32895ea62 (webtiles) character file.

Game seed: 2911589288673288543

18256 promet the Carver (level 12, -15/67 HPs)
             Began as a Vine Stalker Fighter on June 17, 2021.
             Was a Follower of Uskayaw.
             Demolished by a two-headed ogre
             ... wielding a +0 giant club
              (16 damage)
             ... on level 13 of the Dungeon.
             The game lasted 01:27:28 (12943 turns).

promet the Carver (Vine Stalker Fighter)           Turns: 12943, Time: 01:27:28

Health: -15/67     AC: 18    Str: 21    XL:     12   Next: 56%
Magic:  0/13       EV:  8    Int:  9    God:    Uskayaw [*.....]
Gold:   799        SH:  0    Dex: 22    Spells: 11/11 levels left

rFire    . . .     SeeInvis .   a - +2 great sword (vorpal)
rCold    . . .     Faith    .   (shield currently unavailable)
rNeg     . . .     Spirit   +   A - +3 plate armour
rPois    .         Reflect  .   (no helmet)
rElec    .         Harm     .   (no cloak)
rCorr    .         Rampage  .   o - +0 pair of gloves
Will     +....                  t - +0 pair of boots
Stlth    ..........             (no amulet)
HPRegen  1.01/turn              r - +6 ring of dexterity
MPRegen  0.13/turn              K - +4 ring of slaying

@: mighty, about to teleport
A: fangs 3, regeneration 2, magic shield, antimagic bite, no potion heal 3
a: Renounce Religion, Stomp


You were on level 13 of the Dungeon.
You worshipped Uskayaw.
Uskayaw was noncommittal.
You visited 3 branches of the dungeon, and saw 15 of its levels.

You collected 799 gold pieces.

Inventory:

Hand Weapons
 a - a +2 vorpal great sword (weapon)
 b - a +0 shortbow
 l - a +2 rapier
 n - a +0 spear
 B - a +2 dagger of holy wrath
 E - a +3 mace of freezing
 G - a +0 hunting sling
 H - a +2 dagger of venom
 I - a +2 whip of flaming
 O - a +0 bardiche
 T - a +4 spear
Missiles
 d - 3 silver boomerangs
 f - 276 stones
 j - 7 boomerangs
 k - 12 poisoned darts (quivered)
 v - 170 arrows
 z - 49 bolts
 C - 4 atropa-tipped darts
 F - 80 sling bullets
Armour
 c - a +1 kite shield
 o - a +0 pair of gloves (worn)
 t - a +0 pair of boots (worn)
 w - a +0 chain mail
 x - a +2 buckler
 A - a +3 plate armour (worn)
 J - a +1 plate armour of cold resistance
Jewellery
 h - an uncursed ring of protection from cold
 r - a +6 ring of dexterity (left hand)
 s - a +4 ring of evasion
 y - a +4 ring of protection
 K - a +4 ring of slaying (right hand)
 S - an uncursed ring of resist corrosion
Wands
 m - a wand of disintegration (22)
 p - a wand of digging (7)
 L - a wand of iceblast (4)
 M - a wand of paralysis (9)
Scrolls
 e - 2 scrolls of teleportation
 u - 2 scrolls of magic mapping
 N - 3 scrolls of identify
 P - a scroll of fog
 U - a scroll of amnesia
 V - a scroll of acquirement {unknown}
Potions
 g - 6 potions of lignification
 i - 2 potions of curing
 q - a potion of might
 D - a potion of haste
 Q - a potion of brilliance
 R - a potion of magic


   Skills:
 * Level 9.7 Fighting
 + Level 4.7(8.6) Short Blades
 + Level 11.1(11.5) Long Blades
 + Level 0.2 Polearms
 + Level 1.7(2.5) Slings
 + Level 3.6 Bows
 + Level 2.9(3.2) Throwing
 + Level 7.0 Armour
 + Level 2.2 Dodging
 + Level 5.4 Stealth
 + Level 4.7 Shields
 + Level 0.3 Evocations


You had 11 spell levels left.
You didn't know any spells.
Your spell library contained the following spells:

 Spells                   Type           Power        Failure   Level
 Foxfire                  Conj/Fire      0%           100%        1
 Magic Dart               Conj           0%           100%        1
 Blink                    Tloc           N/A          100%        2
 Call Imp                 Summ           0%           100%        2
 Slow                     Hex            0%           100%        2
 Conjure Flame            Conj/Fire      0%           100%        3
 Inner Flame              Hex/Fire       0%           100%        3
 Mephitic Cloud           Conj/Pois/Air  0%           100%        3
 Sticky Flame             Conj/Fire      0%           100%        4
 Fireball                 Conj/Fire      0%           100%        5


Dungeon Overview and Level Annotations

Branches:
Dungeon (12/15)            Temple (1/1) D:4            Lair (1/6) D:9
    Orc: D:9-12

Altars:
Ashenzari
Dithmenos
Elyvilon
Gozag
Hepliaklqana
Makhleb
Nemelex Xobeh
Okawaru
Qazlal
Ru
Sif Muna
Trog
Uskayaw
Vehumet
Wu Jian
Xom
Zin
The Shining One
Lugonu

Annotations:
D:8 2 runed translucent doors, Brohito's ghost, novice DsFE


Innate Abilities, Weirdness & Mutations

You have razor-sharp teeth.
You heal very quickly.
When hurt, damage is shared between your health and your magic reserves.
Your bite disrupts and absorbs the magic of your enemies.
Potions cannot restore your health.


Message History

* * * LOW HITPOINT WARNING * * *
The bullfrog barely misses you.
You closely miss the two-headed ogre. You bite the two-headed ogre.
You drain its power.
You feel invigorated.
The two-headed ogre is lightly wounded.
The bullfrog hits you.
The two-headed ogre hits you with a +0 giant club.
* * * LOW HITPOINT WARNING * * *
The two-headed ogre hits you but does no damage.
The bullfrog hits you but does no damage.
As you read the scroll of teleportation, it crumbles to dust.
You feel strangely unstable.
The bullfrog hits you but does no damage.
You slash the bullfrog! You bite the bullfrog!
You kill the bullfrog!
The two-headed ogre barely misses you. x2
The two-headed ogre hits you with a +0 giant club!!
* * * LOW HITPOINT WARNING * * *
The two-headed ogre hits you with a +0 giant club!
You die...

*.C........#*#.#**,,** *
*..........##...,,,** *
*..............#**** * ***
*..............# * *,*
*............#**
***,*****##...........#
*,,,,,,,,,.......C..#,***
,,*,,*****#..####...#,,,*
**,,,.#####.###.@..##**,*
**,**........##O#.## *,*
**,*******#.....#.#****,*********
**,* #.##..#.#*,,,>,,,,,,,,, **,*
#.*...#.#,,**,,*,,,,,,, ,,,***
***#........,****,,,,,,,,,
*,,,,***,,...$##...** *,,,,,,,,,
*,**,,**,*.###**....#***,,,,,,,,,
*,***,,,,..* *.....,,,,,,,,,,,,


You could see a two-headed ogre and a cyclops.

Vanquished Creatures
  A centaur warrior (D:12)
  3 death yaks
  5 two-headed ogres
  An unseen horror (D:12)
  Pikel (D:6)
  A deep elf mage (D:8)
  A wolf spider (D:8)
  An ugly thing (D:11)
  2 cyclopes
  A manticore (D:8)
  A black mamba (Lair:1)
  A cane toad (Lair:1)
  A komodo dragon (D:11)
  A tengu conjurer (D:8)
  A slime creature (D:12)
  2 humans (D:7)
  A steam dragon (D:10)
  A soldier ant (D:11)
  A black bear (D:7)
  5 ice beasts
  6 orc warriors
  A hornet zombie (D:9)
  4 necrophages
  5 phantoms
  5 ogres
  6 centaurs
  A big kobold (D:10)
  19 bullfrogs
  2 scorpions
  17 wights
  11 killer bees
  2 howler monkeys
  3 centaur zombies
  12 hounds
  7 jellies
  13 orc wizards
  5 orc priests
  6 hell rats
  Natasha (twice) (D:4)
  9 worker ants
  3 hound zombies
  A hound skeleton (D:7)
  2 worker ant zombies
  3 gnolls (D:8)
  19 adders
  4 white imps
  3 ufetubi
  4 oozes
  2 adder zombies
  4 adder skeletons
  5 worms
  4 dart slugs
  10 leopard geckos
  42 orcs
  9 giant cockroaches
  7 goblins
  12 hobgoblins
  8 jackals
  5 quokkas
  4 ball pythons (D:4)
  8 bats
  5 frilled lizards
  A giant cockroach zombie (D:5)
  A jackal zombie (D:5)
  12 kobolds
  2 leopard gecko skeletons
  2 quokka skeletons
  10 rats
360 creatures vanquished.

Vanquished Creatures (others)
  A plant (D:5)
1 creature vanquished.

Grand Total: 361 creatures vanquished

Notes
Turn   | Place    | Note
-------+----------+-------------------------------------------
     0 | D:1      | promet the Vine Stalker Fighter began the quest for the
                  | Orb.
     0 | D:1      | Reached XP level 1. HP: 11/11 MP: 2/2
   224 | D:1      | Reached XP level 2. HP: 15/16 MP: 1/3
   612 | D:1      | Reached XP level 3. HP: 18/20 MP: 4/4
  1382 | D:2      | Found a shimmering blue altar of Sif Muna.
  1568 | D:2      | Gained mutation: Your natural rate of healing is unusually
                  | fast. [Vine Stalker growth]
  1568 | D:2      | Reached XP level 4. HP: 24/24 MP: 5/5
  1729 | D:2      | Found a stormy altar of Qazlal.
  2021 | D:2      | Found an opulent altar of Gozag.
  2231 | D:2      | Found a glowing golden altar of the Shining One.
  2570 | D:3      | Reached XP level 5. HP: 28/28 MP: 6/6
  3192 | D:4      | Reached XP level 6. HP: 33/33 MP: 7/7
  3242 | D:4      | You fall into a shaft and drop 2 floors!
  3253 | D:6      | Reached skill level 1 in Dodging
  3295 | D:5      | Entered Level 5 of the Dungeon
  3849 | D:4      | Noticed Natasha
  3853 | D:4      | Killed Natasha
  3861 | D:4      | Reached XP level 7. HP: 28/37 MP: 6/8
  4082 | D:4      | Found a staircase to the Ecumenical Temple.
  4100 | Temple   | Entered the Ecumenical Temple
  4137 | Temple   | Became a worshipper of Uskayaw the Reveller
  4242 | D:4      | Noticed Natasha
  4251 | D:4      | Reached * piety under Uskayaw
  4252 | D:4      | Killed Natasha
  4528 | D:5      | Reached ** piety under Uskayaw
  4551 | D:4      | Reached *** piety under Uskayaw
  4555 | D:4      | Reached **** piety under Uskayaw
  4897 | D:5      | Found an ornate altar of the Wu Jian Council.
  4899 | D:5      | Found a radiant altar of Vehumet.
  4993 | D:5      | Reached skill level 1 in Stealth
  4993 | D:5      | Gained mutation: You have razor-sharp teeth. [Vine Stalker
                  | growth]
  4993 | D:5      | Reached XP level 8. HP: 30/42 MP: 4/9
  5070 | D:5      | Found a sparkling altar of Nemelex Xobeh.
  5163 | D:5      | Found a glowing silver altar of Zin.
  5164 | D:5      | Found a shimmering altar of Xom.
  5164 | D:5      | Found a bloodstained altar of Trog.
  5166 | D:5      | Found a shadowy altar of Dithmenos.
  5242 | D:5      | Found a sacrificial altar of Ru.
  5349 | D:6      | Reached skill level 1 in Long Blades
  5371 | D:6      | Reached skill level 5 in Fighting
  5372 | D:6      | Reached skill level 1 in Slings
  5565 | D:6      | Reached skill level 2 in Long Blades
  5645 | D:6      | Reached skill level 3 in Long Blades
  5645 | D:6      | Reached XP level 9. HP: 47/47 MP: 10/10
  5656 | D:6      | Noticed Pikel
  5663 | D:6      | Killed Pikel
  5664 | D:6      | Reached skill level 4 in Long Blades
  6076 | D:6      | Reached skill level 5 in Long Blades
  6222 | D:6      | Found a white marble altar of Elyvilon.
  6504 | D:7      | Found a sacrificial altar of Ru.
  6591 | D:7      | Reached ***** piety under Uskayaw
  6915 | D:7      | Reached skill level 6 in Long Blades
  7059 | D:7      | Found an iron altar of Okawaru.
  7072 | D:7      | Reached skill level 5 in Armour
  7117 | D:7      | Reached XP level 10. HP: 53/53 MP: 11/11
  7336 | D:7      | Reached skill level 1 in Throwing
  7578 | D:8      | Found a large runed translucent door.
  7578 | D:8      | Found a large runed translucent door.
  7632 | D:8      | Reached skill level 7 in Long Blades
  7739 | D:8      | Noticed a wolf spider
  7745 | D:8      | Killed a wolf spider
  7948 | D:8      | Noticed a manticore
  7949 | D:8      | Noticed a cyclops
  7951 | D:8      | Noticed a two-headed ogre
  8148 | D:8      | Reached skill level 8 in Long Blades
  8316 | D:8      | Killed a manticore
  8323 | D:8      | Killed a two-headed ogre
  8419 | D:8      | Killed a cyclops
  8601 | D:8      | Reached XP level 11. HP: 55/60 MP: 12/12
  8832 | D:8      | Reached skill level 9 in Long Blades
  9135 | D:8      | Noticed Brohito's ghost (novice DsFE)
  9279 | D:9      | Noticed a death yak
  9280 | D:9      | Noticed a death yak
  9290 | D:9      | Noticed a death yak
  9303 | D:9      | Noticed a deep elf mage
  9312 | D:8      | Killed a deep elf mage
  9398 | D:9      | Reached skill level 1 in Bows
  9426 | D:9      | Found a staircase to the Lair.
  9592 | D:9      | Killed a death yak
  9788 | D:8      | Killed a death yak
 10093 | D:9      | Killed a death yak
 10362 | D:10     | Entered Level 10 of the Dungeon
 10640 | D:10     | Noticed a two-headed ogre
 10649 | D:10     | Killed a two-headed ogre
 10650 | D:10     | Reached skill level 10 in Long Blades
 11523 | D:11     | Noticed a cyclops
 11537 | D:11     | Killed a cyclops
 11576 | D:11     | Noticed a two-headed ogre
 11582 | D:11     | Killed a two-headed ogre
 11583 | D:11     | Reached skill level 5 in Stealth
 11583 | D:11     | Gained mutation: You heal very quickly. [Vine Stalker
                  | growth]
 11583 | D:11     | Reached XP level 12. HP: 63/66 MP: 13/13
 11791 | D:11     | Noticed a two-headed ogre
 11800 | D:11     | Killed a two-headed ogre
 12093 | D:11     | Noticed a two-headed ogre
 12115 | D:11     | Killed a two-headed ogre
 12456 | Lair:1   | Entered Level 1 of the Lair of Beasts
 12826 | D:12     | Reached skill level 11 in Long Blades
 12890 | D:12     | Noticed a centaur warrior
 12896 | D:12     | Killed a centaur warrior
 12926 | D:12     | You fall into a shaft and drop 1 floor!
 12929 | D:13     | Noticed a two-headed ogre
 12943 | D:13     | HP: 1/67 [two-headed ogre/+0 giant club (10)]
 12943 | D:13     | Demolished by a two-headed ogre

Illustrated notes

Levels and vault maps discovered:
D:1:      nicolae_arrival_memento_mori, layout_rooms
D:2:      layout_basic, nicolae_tso_carved_into_rock, lemuel_blue_sif_altar,
          grunt_gozag_breadcrumbs, lemuel_altar_in_water
D:3:      layout_basic
D:4:      layout_loops_ring, minmay_temple_entry_offerings,
          minmay_snake_closets, uniq_natasha
D:5:      layout_rooms, kennysheep_mini_moat, nicolae_overflow_crystal_walls,
          minitemple, amethyst_overflow_temple_binary, serial_bayou_pond_d
D:6:      layout_basic, lemuel_coloured_pillars_altar, hangedman_decor_opposing,
          minmay_stone_trees_medium, uniq_pikel
D:7:      layout_basic, okawaru_humans, basic_altar
D:8:      nzn_winding_woodlands_stair_cross [nzn_winding_woodlands_5x15_crooked,
          nzn_winding_woodlands_center_diamonds,
          nzn_winding_woodlands_5x15_parted, nzn_winding_woodlands_5x5_three,
          nzn_winding_woodlands_5x5_perimeter,
          nzn_winding_woodlands_5x15_jagged,
          nzn_winding_woodlands_center_pierced_h,
          nzn_winding_woodlands_5x15_twine], layout_basic,
          ebering_ghost_disaster_area
D:9:      layout_rooms, dpeg_lair_monsters
D:10:     layout_basic
D:11:     layout_loops_ring, serial_rivers, chequers_serial_rivers_micro_a,
          chequers_serial_rivers_micro_c, chequers_serial_rivers_marsh,
          chequers_serial_rivers_small_3, chequers_serial_rivers_large_a,
          chequers_serial_rivers_micro_a
D:12:     minmay_containers, layout_cave_pools, orc_0_dummy
D:13:     layout_rooms, serial_bayou_crossing
Temple:   kb_corrupted_temple
Lair:1:   layout_cave_pods, serial_bayou_shore_a, grunt_megastairs_1

Skill      XL: |  1  2  3  4  5  6  7  8  9 10 11 12 |
---------------+-------------------------------------+-----
Fighting       | 3 4 5 6 7 9 |  9.7
Short Blades   | 2 3 4 |  4.7
Armour         | 3 4 5 6 7 |  7.0
Shields        | 3 4 |  4.7
Dodging        | 1 2 |  2.2
Stealth        | 1 2 3 5 |  5.4
Long Blades    | 3 6 8 10 11 | 11.1
Slings         | 1 |  1.7
Throwing       | 1 2 |  2.9
Bows           | 2 3 |  3.6
Polearms       | |  0.2
Evocations     | |  0.3

Action                   |  1- 3 |  4- 6 |  7- 9 | 10-12 || total
-------------------------+-------+-------+-------+-------++-------
Melee: Rapier            |   110 |    28 |       |       ||   138
       Bite              |    30 |    57 |    72 |   158 ||   317
       Dagger            |       |   155 |    68 |       ||   223
       Great sword       |       |       |   126 |   337 ||   463
       Bardiche          |       |       |       |     3 ||     3
       Spear             |       |       |       |     2 ||     2
 Fire: Hunting sling     |       |       |    14 |       ||    14
       Shortbow          |       |       |       |    76 ||    76
Throw: Dart              |       |       |    16 |    22 ||    38
       Boomerang         |       |       |       |    13 ||    13
Invok: Stomp             |       |       |       |     2 ||     2
Evoke: Wand              |       |       |       |     5 ||     5
  Use: Scroll            |     3 |    10 |     4 |    14 ||    31
       Potion            |       |     1 |    11 |     2 ||    14
 Stab: Paralysed         |       |       |     6 |    16 ||    22
Armor: Scale mail        |    37 |    45 |    20 |       ||   102
       Chain mail        |       |       |    58 |    73 ||   131
       Plate armour      |       |       |       |   146 ||   146
Dodge: Dodged            |    32 |    50 |    88 |   181 ||   351
Block: Kite shield       |    51 |    74 |    39 |       ||   164
       Rpst.: Great sword |       |       |    18 |    63 ||    81
